 Dungeon Crawl Stone Soup version 0.18-a0-1120-g03bd624 (webtiles) character file.

399712 ThermosAquaticus the Wrestler (level 22, -6/259 HPs)
             Began as a Troll Abyssal Knight on Jan 17, 2016.
             Was the Champion of Lugonu.
             Mangled by a vault warden
             ... wielding a +0 great sword
              (15 damage)
             ... on level 5 of the Vaults.
             The game lasted 03:51:53 (48970 turns).

ThermosAquaticus the Wrestler (TrAK)               Turns: 48970, Time: 03:51:54

Health: -6/259     AC: 25    Str: 25 (29) XL:     22   Next: 25%
Magic:  11/28      EV: 13    Int:  7 (8)  God:    Lugonu [******]
Gold:   3795       SH: 13    Dex: 11 (13) Spells: 2 memorised, 17 levels left

rFire  + + +     SeeInvis +       - Unarmed
rCold  . . .     Gourm    +     X - +0 fire dragon armour
rNeg   + . .     Faith    .     C - +1 shield {rC+ rF+}
rPois  .         Spirit   .     v - +1 hat
rElec  .         Dismiss  .     r - +2 cloak
rCorr  .         Reflect  .     (gloves unavailable)
SustAt .         Harm     .     (boots unavailable)
MR     ++++.     Clarity  +     o - amulet of the Four Winds {rN+ MR+++ Clar}
Stlth  ..........               W - +5 ring of evasion
                                m - +5 ring of protection

@: about to teleport, very slightly contaminated, incredibly resistant to
hostile enchantments, extremely unstealthy
A: unfitting armour, antennae 1, beak, claws 3, see invisible, deterioration 2,
fast metabolism 3, gourmand, regeneration 2, robust 1, shaggy fur 1, tough skin
2, MP-powered wands
a: Depart the Abyss, Bend Space, Banish, Corrupt, Enter the Abyss, Brand Weapon
With Distortion, Renounce Religion
}: 2/15 runes: barnacled, gossamer


You were on level 5 of the Vaults.
You worshipped Lugonu.
Lugonu was exalted by your worship.
You were not hungry.

You visited 6 branches of the dungeon, and saw 38 of its levels.
You visited the Abyss 2 times.
You also visited: Labyrinth and Volcano.

You collected 5659 gold pieces.
You spent 1864 gold pieces at shops.

Inventory:

Hand Weapons
 w - a +5 blowgun
Missiles
 e - 66 large rocks (quivered)
 n - 83 javelins
 D - 20 silver javelins
 Y - 10 javelins of penetration
Armour
 r - a +2 cloak (worn)
 v - a +1 hat (worn)
 C - a +1 shield of resistance (worn)
 J - a +0 large shield of protection
 Q - a +0 mottled dragon armour
 X - a +0 fire dragon armour (worn)
Rods
 N - a -1 lightning rod (13/13)
   (You found it in a labyrinth)
Jewellery
 i - an uncursed ring of positive energy
 m - a +5 ring of protection (left claw)
 o - the amulet of the Four Winds (around neck) {rN+ MR+++ Clar}
   (You bought it in a shop on level 11 of the Dungeon)

   [amulet of nothing]

   It protects you from negative energy.
   It affects your resistance to hostile enchantments.
   It protects you against confusion.
 E - an uncursed ring of see invisible
 V - an uncursed ring of poison resistance
 W - a +5 ring of evasion (right claw)
Wands
 F - a wand of disintegration (16/24)
 K - a wand of teleportation (7/9)
 P - a wand of heal wounds (2/9)
 U - a wand of digging (9/24)
Scrolls
 a - 3 scrolls of recharging
 f - 2 scrolls of magic mapping
 l - 2 scrolls of enchant weapon
 q - 8 scrolls of remove curse
 y - a scroll of summoning
 H - 5 scrolls of teleportation
 I - 3 scrolls of fear
 L - 4 scrolls of fog
 M - 8 scrolls of identify
 S - 4 scrolls of enchant armour
Potions
 d - 4 potions of berserk rage
 h - 4 potions of mutation
 j - 7 potions of haste
 k - 8 potions of flight
 p - 9 potions of curing
 s - 14 potions of ambrosia
 z - 2 potions of might
 A - 5 potions of invisibility
 B - a potion of resistance
 G - a potion of agility
 T - 3 potions of brilliance
Miscellaneous
 O - a sack of spiders
 R - a phantom mirror
Comestibles
 b - 21 bread rations
 c - 12 royal jellies
 g - 10 meat rations
 u - 5 chunks of flesh
 x - 54 fruits


   Skills:
 - Level 17.2 Fighting
 + Level 14.1 Throwing
 - Level 12.8 Armour
 - Level 1.9 Dodging
 - Level 10.4 Shields
 - Level 21.2 Unarmed Combat
 - Level 3.7 Charms
 - Level 3.9 Air Magic
 - Level 10.1 Invocations


You had 17 spell levels left.
You knew the following spells:

 Your Spells              Type           Power        Failure   Level  Hunger
a - Repel Missiles        Chrm/Air       #.....       38%         2    ###....
b - Blink                 Tloc           N/A          98%         2    ###....


Dungeon Overview and Level Annotations

Branches:
Dungeon (15/15)            Temple (0/1) D:5            Lair (8/8) D:11
 Shoals (4/4) Lair:5       Spider (4/4) Lair:3        Slime (0/6) Lair:6
    Orc (2/2) D:10            Elf (0/3) Orc:2        Vaults (5/5) D:14
  Crypt (0/3) Vaults:3     Depths (0/5) D:15

Altars:
Fedhas
Pakellas
Ru
Trog
Yredelemnul
Zin
Beogh
Jiyva

Shops:
D:6 *   D:11 }[(=(   Orc:2 !!:(   Shoals:3 [   Vaults:1 (   Vaults:2 [

Portals:
Trove: D:15 (give 5 scrolls of blinking)

Annotations:
D:15 exclusion: Roxanne, Roxanne
Shoals:4 corrupted
Vaults:5 corrupted


Innate Abilities, Weirdness & Mutations

You are too large for most types of armour.
You have claws for hands.
Your metabolism is lightning-fast.
You like to eat raw meat.
You heal very quickly.
You are covered in fur (AC +1).
You have very tough skin (AC +2).
You have a pair of small antennae on your head.
You have a beak for a mouth.
You have supernaturally acute eyesight.
Your body often deteriorates upon taking damage.
You are robust (+10% HP).
You expend magic power (3 MP) to strengthen your wands.


Message History

Throwing (i - inventory. (,) - cycle):
e - 67 large rocks (quivered)
Press: ? - help, Shift-Dir - straight line, f/p - lich
Aim: a lich (moderately damaged, fast)
You throw a large rock. The large rock hits the lich.
The lich is moderately damaged.
Space bends around you!
You blink.
You feel slightly more hungry.
The ettin shouts in stereo!
The titan shouts!
The ironheart preserver shouts!
The titan shouts!
The vault warden hits you with a great sword!!
* * * LOW HITPOINT WARNING * * *
Unknown command.
Read which item? (? for menu, Esc to quit)
As you read the scroll of teleportation, it crumbles to dust.
You feel strangely unstable.
Unknown command.
The orb of destruction hits you!
* * * LOW HITPOINT WARNING * * *
Your body deteriorates!
You feel weakened.
The vault warden hits you with a great sword!
You die...

#....#...# #..# #....#...##
##..### #....#..... W....
#....#.... .... ..# #....#...#
#..# ......#....#...# #..#
...#..#....#...# #(.#
......#...)#..§#####W(#####..
.....)#....#.@p§§§§L§§.L.(...
.....#..C..C.pC.......§§§§..(
#######....(([....##############
........#)=<<...(........
.......(.(<).<..(........
....#...(#[<<.p#Y........
......#........((........
#####.##.#...))#########
####.........))..#


You could see an ironheart preserver, 2 titans, a vault warden, a lich, an
ettin, an ironbrand convoker, a freezing wraith and an ice beast.

Vanquished Creatures
  An ancient lich (Vaults:5)
  Mennas (Vaults:2)
  Margery (Vaults:2)
  The ghost of HunterMK1337 the Axe Maniac, a veteran HOFi of the Shining One (Vaults:5)
  Norris (Vaults:1)
  Frederick (Vaults:2)
  Saint Roka (Vaults:2)
  3 golden dragons
  Nikola (Spider:1)
  Arachne (Spider:2)
  Jorgrun (Vaults:3)
  4 titans
  Asterion (Vaults:1)
  2 quicksilver dragons (Vaults:5)
  2 krakens
  4 sphinxes
  Kirke (Spider:2)
  2 storm dragons
  8 shadow dragons
  6 tengu reavers
  5 ghost moths
  5 fire giants
  Ilsuiw (Shoals:3)
  An iron dragon (Vaults:5)
  Maud (Lair:8)
  3 deep elf sorcerers
  4 frost giants
  15 vault wardens
  Louise (D:15)
  Aizul (Shoals:3)
  3 deep elf elementalists (Vaults:5)
  A war gargoyle (Vaults:4)
  5 emperor scorpions
  11 ironheart preservers
  9 stone giants
  4 very ugly things
  3 salamander stormcallers
  A deep elf annihilator (Vaults:5)
  Snorg (Lair:8)
  A minotaur (shapeshifter) (Vaults:2)
  A deep elf death mage (Vaults:5)
  38 vault guards
  A minotaur (Lab)
  6 merfolk impalers
  6 ettins
  4 merfolk javelineers
  2 crystal guardians (Vaults:4)
  A fire dragon (Lair:8)
  A deep elf high priest (Vaults:5)
  A rakshasa (Vaults:1)
  Harold (Lair:4)
  10 yaktaur captains
  7 entropy weavers
  6 merfolk avatars
  13 centaur warriors
  9 ogre magi
  4 death knights
  2 alligator snapping turtles (Shoals:4)
  3 dancing weapons
  7 merfolk aquamancers
  5 death yaks (Lair:3)
  A queen ant (Lair:5)
  2 satyrs
  A hell knight (Vaults:2)
  An orc high priest (Orc:1)
  A deep elf knight (Vaults:5)
  2 fire crabs
  3 unseen horrors
  8 sea snakes
  2 shadow wraiths (Vaults:4)
  A wizard (Vaults:1)
  A lindwurm (Lair:8)
  3 deep elf archers
  7 deep trolls
  A shadow demon (Abyss:1)
  7 harpies
  A giant orange brain (shapeshifter) (Vaults:3)
  21 ironbrand convokers
  10 hill giants
  A phantasmal warrior (D:15)
  5 necromancers
  15 orb spiders
  An anubis guard (shapeshifter) (Vaults:5)
  A tengu zombie (Vaults:4)
  9 deep elf magi
  8 orc knights
  8 hornets
  38 wolf spiders
  13 fauns
  17 ugly things
  11 manticores
  7 orc sorcerers
  2 moths of wrath
  9 griffons
  10 cyclopes
  4 salamanders
  6 water nymphs
  An octopode (shapeshifter) (Vaults:3)
  9 black mambas
  12 elephants (Lair:6)
  An elephant (shapeshifter) (Vaults:4)
  20 vault sentinels
  10 sirens
  10 torpor snails
  A guardian serpent (Lair:8)
  A black mamba (shapeshifter) (Vaults:4)
  19 spiny frogs
  2 gargoyles
  19 komodo dragons
  A komodo dragon (shapeshifter) (Vaults:4)
  42 yaktaurs
  An efreet (D:15)
  The ghost of gorblad the Ducker, a novice HEFi (D:4)
  A human zombie (Vaults:4)
  2 kobold demonologists
  7 demonic crawlers
  2 guardian mummies (D:15)
  An ancient zyme (Abyss:1)
  7 trolls
  27 jumping spiders
  A minotaur zombie (Lab)
  2 wind drakes
  The ghost of gorblad the Insei, an amateur DgMo (D:5)
  A queen bee (Spider:4)
  45 merfolk
  7 freezing wraiths
  2 polar bears (Lair:7)
  4 raiju (Abyss:1)
  3 boulder beetles
  27 slime creatures
  16 two-headed ogres
  4 giant leeches (Lair:8)
  Grinder (D:3)
  13 blink frogs
  An ettin zombie (Vaults:4)
  A centaur simulacrum (D:15)
  14 snapping turtles
  82 redbacks
  2 shadows
  An ettin skeleton (Vaults:4)
  23 water elementals
  A spriggan (Lair:7)
  28 tarantellas
  A spriggan (shapeshifter) (Vaults:3)
  5 wraiths
  A fire elemental (Lair:7)
  2 wyverns
  17 vampire mosquitoes
  6 hippogriffs
  2 hogs
  57 yaks
  5 basilisks
  3 steam dragons
  4 hungry ghosts
  A mottled dragon (Vaults:2)
  5 wolves
  2 large abominations (Abyss:1)
  6 wargs
  25 water moccasins
  2 hell hounds (Volcano)
  14 soldier ants (Lair:5)
  13 porcupines
  34 orc warriors
  4 sky beasts
  3 ice beasts
  53 ogres
  3 phantoms
  2 black bears
  15 wasps
  19 centaurs
  3 boggarts (Vaults:3)
  11 crocodiles
  2 human skeletons
  8 big kobolds
  27 giant frogs
  A wyvern skeleton (D:14)
  2 scorpions
  31 killer bees
  8 electric eels
  4 crimson imps
  3 lava snakes (Lair:7)
  4 centaur zombies
  A quasit (D:8)
  5 centaur skeletons
  A giant frog zombie (D:6)
  5 jellies
  A giant frog skeleton (D:6)
  4 orc priests
  7 hounds
  39 orc wizards
  Jessica (D:3)
  13 iguanas
  43 worker ants
  2 killer bee zombies
  32 sheep
  A hound zombie (D:5)
  2 hound skeletons (D:9)
  6 worker ant zombies
  17 adders
  86 river rats
  A shadow imp (D:7)
  A white imp (Abyss:1)
  2 oozes (D:4)
  2 adder zombies
  An adder skeleton (D:5)
  17 worms
  3 giant geckos
  96 orcs
  10 bats
  3 giant cockroaches
  7 goblins
  6 hobgoblins
  15 jackals
  22 kobolds
  4 quokkas
  A ball python (D:3)
  3 giant newts
  2 jackal skeletons
  A quokka skeleton (D:6)
  A quokka zombie (D:9)
  9 rats
  A fungus (Lair:8)
  2 plants (Lair:8)
  7 tentacles
  2 tentacle segments (Shoals:4)
1855 creatures vanquished.

Vanquished Creatures (others)
  A lich (Vaults:5)
  A fire giant (Vaults:5)
  An emperor scorpion (Spider:3)
  2 merfolk javelineers (Shoals:4)
  3 merfolk impalers
  A deep elf high priest (Vaults:5)
  A merfolk avatar (Shoals:4)
  7 hydras
  A merfolk aquamancer (Shoals:4)
  3 harpies (Shoals:4)
  A lindwurm (Lair:8)
  An orb spider (Spider:1)
  A wolf spider (Spider:1)
  A siren (Shoals:4)
  A guardian serpent (shapeshifter) (Vaults:3)
  A centaur skeleton (D:15)
  7 jumping spiders (Spider:1)
  A giant leech (Lair:8)
  A redback (Spider:1)
  A tarantella (Spider:1)
  A hog (Spider:2)
  4 humans (Spider:2)
  A quasit (Abyss:1)
  A lightning spire (D:3)
  2 orcs (Orc:2)
  A bush (D:3)
  25 fungi
  39 plants
  13 starspawn tentacles
  109 starspawn tentacle segments
  19 tentacles
  786 tentacle segments
1038 creatures vanquished.

Grand Total: 2893 creatures vanquished

Notes
Turn   | Place    | Note
--------------------------------------------------------------
     0 | Abyss:1  | ThermosAquaticus the Troll Abyssal Knight began the quest for the Orb.
     0 | Abyss:1  | Reached XP level 1. HP: 22/22 MP: 1/1
     0 | Abyss:1  | Noticed a blizzard demon
     6 | D:1      | Escaped the Abyss
   126 | D:1      | Reached XP level 2. HP: 29/29 MP: 2/2
   128 | D:1      | Reached * piety under Lugonu
   133 | D:1      | Reached skill level 3 in Unarmed Combat
   413 | D:1      | Reached XP level 3. HP: 32/36 MP: 3/3
  1025 | D:2      | Reached skill level 4 in Unarmed Combat
  1437 | D:2      | Reached XP level 4. HP: 44/44 MP: 4/4
  1541 | D:2      | Reached ** piety under Lugonu
  1680 | D:3      | Noticed Jessica
  1680 | D:3      | Noticed Grinder
  1733 | D:3      | Killed Grinder
  1733 | D:3      | Reached skill level 6 in Unarmed Combat
  1733 | D:3      | Reached XP level 5. HP: 23/50 MP: 5/5
  1739 | D:3      | Killed Jessica
  1739 | D:3      | Reached XP level 6. HP: 15/59 MP: 6/6
  1887 | D:3      | Reached skill level 7 in Unarmed Combat
  2184 | D:3      | Found an oddly glowing altar of Pakellas.
  2185 | D:3      | Noticed a sphinx
  2415 | D:4      | Reached *** piety under Lugonu
  2427 | D:4      | Reached XP level 7. HP: 66/66 MP: 7/7
  2658 | D:4      | Noticed gorblad's ghost (novice HEFi)
  2677 | D:4      | Killed gorblad's ghost
  2677 | D:4      | Reached skill level 8 in Unarmed Combat
  2962 | D:5      | Entered Level 5 of the Dungeon
  3048 | D:5      | Noticed gorblad's ghost (amateur DgMo)
  3100 | D:5      | Found a staircase to the Ecumenical Temple.
  3116 | D:5      | Killed gorblad's ghost
  3116 | D:5      | Reached XP level 8. HP: 48/74 MP: 7/9
  3214 | D:5      | Reached skill level 9 in Unarmed Combat
  3734 | D:6      | Found a sacrificial altar of Ru.
  3954 | D:6      | Found Otiuq's Assorted Antiques.
  3959 | D:6      | Bought a scroll labeled RASMIQ HUSU for 35 gold pieces
  3959 | D:6      | Bought a scroll labeled YMOF HIUD QADGH for 35 gold pieces
  3959 | D:6      | Bought a scroll labeled YMUB PAROEVUW for 35 gold pieces
  3959 | D:6      | Bought a gold wand for 140 gold pieces
  4015 | D:6      | Found a glowing silver altar of Zin.
  4048 | D:6      | Reached skill level 10 in Unarmed Combat
  4417 | D:7      | Reached **** piety under Lugonu
  4559 | D:7      | Gained mutation: You are clumsy. (Dex -2) [mutagenic meat]
  4560 | D:7      | Gained mutation: You have a beak for a mouth. [mutagenic meat]
  4561 | D:7      | Gained mutation: Your mind is acute. (Int +2) [mutagenic meat]
  4562 | D:7      | Gained mutation: You are weak. (Str -2) [mutagenic meat]
  4563 | D:7      | Gained mutation: You are partially covered in large bone plates (AC +2, SH +2). [mutagenic meat]
  4895 | D:8      | Reached XP level 9. HP: 59/81 MP: 11/11
  5439 | D:9      | Reached skill level 11 in Unarmed Combat
  5765 | D:9      | Killed an unseen horror
  5765 | D:9      | Reached skill level 5 in Fighting
  6249 | D:10     | Entered Level 10 of the Dungeon
  6562 | D:10     | Reached XP level 10. HP: 100/102 MP: 12/12
  6974 | D:10     | Reached ***** piety under Lugonu
  7248 | D:10     | Found a staircase to the Orcish Mines.
  7270 | D:10     | Reached skill level 1 in Armour
  7329 | D:11     | Found Feqirel's Antique Weapon Boutique.
  7329 | D:11     | Found Qatohel's Gadget Shoppe.
  7329 | D:11     | Noticed a hill giant
  7337 | D:11     | Killed a hill giant
  7603 | D:11     | Reached skill level 5 in Armour
  7615 | D:11     | Noticed a hill giant
  7616 | D:11     | Found a staircase to the Lair.
  7624 | D:11     | Killed a hill giant
  7624 | D:11     | Reached XP level 11. HP: 50/115 MP: 13/13
  8144 | D:11     | Found Xabiurphadu's Armour Boutique.
  8156 | D:11     | Noticed a cyan ugly thing
  8167 | D:11     | Killed a cyan ugly thing
  8365 | D:11     | Found Nega's Jewellery Shop.
  8391 | D:11     | Found Xogext's Weapon Shop.
  8629 | Lair:1   | Entered Level 1 of the Lair of Beasts
  8676 | Lair:1   | Reached skill level 5 in Invocations
  8732 | Lair:1   | Noticed an eight-headed hydra
  8742 | Lair:1   | Banished an eight-headed hydra
  9078 | Lair:1   | Reached skill level 12 in Unarmed Combat
  9941 | Lair:2   | Noticed a five-headed hydra
  9944 | Lair:2   | Banished a five-headed hydra
  9944 | Lair:2   | Reached XP level 12. HP: 123/123 MP: 15/15
 10546 | Lair:3   | Noticed a four-headed hydra
 10550 | Lair:3   | Banished a four-headed hydra
 10640 | Lair:3   | Reached skill level 13 in Unarmed Combat
 10698 | Lair:3   | Found a hole to the Spider Nest.
 10965 | Lair:3   | Noticed a death yak
 10966 | Lair:3   | Noticed a death yak
 10966 | Lair:3   | Noticed a death yak
 10990 | Lair:3   | Killed a death yak
 11002 | Lair:3   | Noticed a death yak
 11029 | Lair:3   | Noticed a death yak
 11032 | Lair:3   | Killed a death yak
 11032 | Lair:3   | Reached ****** piety under Lugonu
 11046 | Lair:3   | Killed a death yak
 11051 | Lair:3   | Killed a death yak
 11051 | Lair:3   | Reached skill level 14 in Unarmed Combat
 11059 | Lair:3   | Killed a death yak
 11593 | Lair:4   | Noticed Harold
 11608 | Lair:4   | Killed Harold
 11825 | Lair:4   | Reached XP level 13. HP: 127/131 MP: 18/18
 12167 | Lair:4   | Reached skill level 15 in Unarmed Combat
 13301 | Lair:5   | Noticed a merfolk impaler
 13315 | Lair:5   | Killed a merfolk impaler
 13566 | Lair:5   | Found a staircase to the Shoals.
 13653 | Lair:6   | Found an oddly glowing altar of Pakellas.
 14104 | Lair:6   | Reached skill level 1 in Shields
 14118 | Lair:6   | Reached skill level 10 in Invocations
 14431 | Lair:6   | Found a viscous altar of Jiyva.
 14435 | Lair:6   | Found a staircase to the Slime Pits.
 14757 | Lair:7   | Found a dark tunnel.
 14779 | Volcano  | Entered a volcano
 14818 | Volcano  | Reached XP level 14. HP: 133/140 MP: 20/20
 15336 | Lair:7   | Reached skill level 5 in Shields
 15816 | Lair:8   | Entered Level 8 of the Lair of Beasts
 16465 | Lair:8   | Noticed Maud
 16487 | Lair:8   | Killed Maud
 17402 | Lair:8   | Noticed Snorg
 17410 | Lair:8   | Killed Snorg
 17732 | Lair:8   | Found a runed door.
 18471 | D:11     | Bought the amulet of the Four Winds {rN+ MR+++ Clar} for 388 gold pieces
 18532 | Orc:1    | Entered Level 1 of the Orcish Mines
 18815 | Orc:2    | Entered Level 2 of the Orcish Mines
 18840 | Orc:2    | Reached skill level 10 in Shields
 19067 | Orc:2    | Found Jusch's Distillery.
 19095 | Orc:2    | Found Cacsit's Distillery.
 19235 | Orc:2    | Reached XP level 15. HP: 130/146 MP: 21/21
 19295 | Orc:2    | Found a staircase to the Elven Halls.
 19630 | Orc:2    | Found a roughly hewn altar of Beogh.
 19710 | Orc:2    | Found a bloodstained altar of Trog.
 19843 | Orc:2    | Found Puet's Antique Weapon Boutique.
 19872 | Orc:2    | Found Qothruus's Book Shoppe.
 19910 | Orc:2    | Found a roughly hewn altar of Beogh.
 20252 | Orc:2    | Bought a potion of berserk rage for 75 gold pieces
 20252 | Orc:2    | Bought a potion of resistance for 150 gold pieces
 20252 | Orc:2    | Bought a potion of berserk rage for 75 gold pieces
 20252 | Orc:2    | Bought a potion of beneficial mutation for 525 gold pieces
 20252 | Orc:2    | Gained mutation: You regenerate. [potion of beneficial mutation]
 20262 | Orc:2    | Bought a potion of heal wounds for 70 gold pieces
 20262 | Orc:2    | Bought a potion of agility for 56 gold pieces
 20262 | Orc:2    | Bought a potion of curing for 42 gold pieces
 20262 | Orc:2    | Bought a potion of heal wounds for 70 gold pieces
 20262 | Orc:2    | Bought a potion of agility for 56 gold pieces
 20262 | Orc:2    | Bought 2 potions of agility for 112 gold pieces
 21220 | D:13     | Found a labyrinth entrance.
 21245 | Lab      | Entered a labyrinth
 21435 | Lab      | Got a shimmering robe
 21436 | Lab      | Identified the cursed +0 robe of Limitation {rElec} (You found it in a labyrinth)
 21682 | D:13     | Found a blossoming altar of Fedhas.
 22144 | D:13     | Gained mutation: You are very weak. (Str -4) [mutagenic meat]
 22269 | D:14     | Found a gate to the Vaults.
 22273 | D:14     | Reached skill level 10 in Fighting
 23057 | D:15     | Entered Level 15 of the Dungeon
 23137 | D:15     | Reached skill level 16 in Unarmed Combat
 23358 | D:15     | Found a portal to a secret trove of treasure.
 23648 | D:15     | Found a staircase to the Depths.
 23848 | D:15     | Noticed Roxanne
 24014 | D:15     | Found a basalt altar of Yredelemnul.
 24371 | D:15     | Reached XP level 16. HP: 143/162 MP: 22/22
 24388 | D:15     | Noticed Louise
 24408 | D:15     | Killed Louise
 24799 | Shoals:1 | Entered Level 1 of the Shoals
 25384 | Shoals:1 | Noticed a kraken
 25422 | Shoals:1 | Killed a kraken
 25709 | Shoals:2 | Reached skill level 17 in Unarmed Combat
 27443 | Shoals:3 | Noticed Aizul
 27466 | Shoals:3 | Killed Aizul
 27537 | Shoals:3 | Gained mutation: You are robust (+10% HP). [mutagenic meat]
 27681 | Shoals:3 | Gained mutation: You have a pair of small antennae on your head. [mutagenic meat]
 27682 | Shoals:3 | Gained mutation: Your flesh is heat resistant. [mutagenic meat]
 27683 | Shoals:3 | Gained mutation: You have supernaturally acute eyesight. [mutagenic meat]
 27845 | Shoals:3 | Noticed Ilsuiw
 27856 | Shoals:3 | Killed Ilsuiw
 27864 | Shoals:3 | Found Nehe's Antique Armour Shoppe.
 27992 | Shoals:3 | Reached skill level 18 in Unarmed Combat
 28048 | Shoals:4 | Entered Level 4 of the Shoals
 28075 | Shoals:4 | Reached skill level 1 in Throwing
 28419 | Shoals:4 | Reached XP level 17. HP: 93/193 MP: 23/23
 29194 | Shoals:4 | Reached skill level 5 in Throwing
 29312 | Shoals:4 | Noticed a kraken
 29339 | Shoals:4 | Killed a kraken
 30375 | Shoals:4 | Corrupted Shoals:4
 30398 | Shoals:4 | Noticed a Hell Sentinel
 30601 | Shoals:4 | Got a barnacled rune of Zot
 30901 | Lair:1   | Learned a level 2 spell: Repel Missiles
 30904 | Lair:1   | Learned a level 2 spell: Blink
 30984 | Spider:1 | Entered Level 1 of the Spider Nest
 31573 | Spider:1 | Noticed Nikola
 31632 | Spider:1 | Killed Nikola
 32355 | Spider:2 | Reached skill level 10 in Throwing
 32524 | Spider:2 | Noticed Kirke
 32613 | Spider:2 | Killed Kirke
 33059 | Spider:2 | Noticed Arachne
 33082 | Spider:2 | Killed Arachne
 33803 | Spider:3 | Reached XP level 18. HP: 189/203 MP: 0/24
 33807 | Spider:3 | Gained mutation: You are very robust (+20% HP). [mutagenic meat]
 33809 | Spider:3 | Lost mutation: You are clumsy. (Dex -2) [mutagenic meat]
 34608 | Spider:4 | Entered Level 4 of the Spider Nest
 34642 | Spider:4 | Reached skill level 1 in Air Magic
 34739 | Spider:4 | Reached skill level 1 in Charms
 34958 | Spider:4 | HP: 9/222 [wolf spider (21)]
 36781 | Spider:4 | Reached skill level 10 in Armour
 36797 | Spider:4 | Gained mutation: You expend magic power (3 MP) to strengthen your wands. [mutagenic meat]
 36898 | Spider:4 | Got a gossamer rune of Zot
 37316 | Vaults:1 | Entered Level 1 of the Vaults
 38187 | Vaults:1 | Noticed Asterion
 38202 | Vaults:1 | Reached XP level 19. HP: 194/231 MP: 25/25
 38210 | Vaults:1 | Killed Asterion
 38292 | Vaults:1 | Lost mutation: You expend magic power (3 MP) to strengthen your wands. [mutagenic meat]
 38293 | Vaults:1 | Gained mutation: You are clumsy. (Dex -2) [mutagenic meat]
 38456 | Vaults:1 | Noticed Norris
 38489 | Vaults:1 | Killed Norris
 38790 | Vaults:1 | Found Orchonk's Antique Weapon Boutique.
 39063 | Vaults:2 | Noticed Mennas
 39111 | Vaults:2 | Killed Mennas
 39276 | Vaults:2 | Found Mugaso's Antique Armour Emporium.
 39371 | Vaults:2 | Noticed Saint Roka
 39419 | Vaults:2 | Killed Saint Roka
 39643 | Vaults:2 | Found a sacrificial altar of Ru.
 39663 | Vaults:2 | Noticed Frederick
 39682 | Vaults:2 | Killed Frederick
 40161 | Vaults:2 | Noticed Margery
 40194 | Vaults:2 | Killed Margery
 40213 | Vaults:2 | Gained mutation: Your body sometimes deteriorates upon taking damage. [mutagenic meat]
 40214 | Vaults:2 | Lost mutation: You are very weak. (Str -4) [mutagenic meat]
 40215 | Vaults:2 | Lost mutation: You are weak. (Str -2) [mutagenic meat]
 40526 | Vaults:2 | Reached skill level 19 in Unarmed Combat
 41383 | Vaults:3 | Noticed Jorgrun
 41425 | Vaults:3 | Killed Jorgrun
 42127 | Vaults:3 | Reached skill level 20 in Unarmed Combat
 42324 | Vaults:3 | Reached XP level 20. HP: 223/242 MP: 26/26
 42687 | Vaults:3 | Found a staircase to the Crypt.
 43072 | Vaults:4 | Lost mutation: You are partially covered in large bone plates (AC +2, SH +2). [mutagenic meat]
 43073 | Vaults:4 | Lost mutation: You are very robust (+20% HP). [mutagenic meat]
 43074 | Vaults:4 | Lost mutation: Your mind is acute. (Int +2) [mutagenic meat]
 43075 | Vaults:4 | Gained mutation: Your body often deteriorates upon taking damage. [mutagenic meat]
 43076 | Vaults:4 | Lost mutation: Your flesh is heat resistant. [mutagenic meat]
 43315 | Vaults:4 | Lost mutation: You regenerate. [mutagenic meat]
 43316 | Vaults:4 | Gained mutation: Your system is resistant to poisons. [mutagenic meat]
 43317 | Vaults:4 | Lost mutation: You are clumsy. (Dex -2) [mutagenic meat]
 43318 | Vaults:4 | Lost mutation: Your system is resistant to poisons. [mutagenic meat]
 44689 | Vaults:4 | Reached skill level 15 in Fighting
 44989 | Vaults:5 | Entered Level 5 of the Vaults
 44989 | Vaults:5 | Noticed HunterMK1337's ghost (veteran HOFi)
 44990 | Vaults:5 | Corrupted Vaults:5
 45616 | Vaults:4 | Reached XP level 21. HP: 96/240 MP: 27/27
 45796 | Vaults:4 | Gained mutation: You expend magic power (3 MP) to strengthen your wands. [mutagenic meat]
 46158 | Vaults:5 | Noticed a golden dragon
 46170 | Vaults:5 | Killed a golden dragon
 46170 | Vaults:5 | Reached skill level 21 in Unarmed Combat
 46642 | Vaults:5 | Escaped the Abyss
 47373 | Vaults:5 | Killed HunterMK1337's ghost
 47644 | Vaults:5 | Noticed an ancient lich
 47665 | Vaults:5 | Noticed a golden dragon
 47875 | Vaults:4 | Killed a golden dragon
 48174 | Vaults:5 | Noticed a golden dragon
 48191 | Vaults:4 | Reached XP level 22. HP: 173/259 MP: 28/28
 48303 | Vaults:4 | Killed a golden dragon
 48941 | Vaults:5 | Killed an ancient lich
 48970 | Vaults:5 | HP: 9/259 [disintegration (59)]
 48970 | Vaults:5 | Mangled by a vault warden

Vault maps used:
D:1:      saegor_arrival_miasma, serial_bayou_lake_a
D:3:      gammafunk_pakellas_spire_experiment, uniq_jessica, uniq_grinder
D:5:      minmay_temple_entry_trees, first_bread
D:6:      lemuel_crystal_altar, basic_altar, serial_shops,
          nicolae_shop_overgrown_old_shop, kennysheep_generic_room_3
D:10:     kennysheep_orc_monster_closet_entryway
D:11:     minmay_opposing_rooms, david_lair_shrubbed, serial_shops,
          nicolae_shop_trees, shop, kennysheep_mini_moat,
          nicolae_shop_overgrown_old_shop, shop
D:13:     lab_entry_generic, hangedman_tree_tricks
D:14:     erik_vaults_1
D:15:     grunt_enter_depths_magical_seal, nicolae_trove_entry_path_of_doom,
          minmay_misc_feat_more_columns, basic_altar, uniq_roxanne, uniq_louise
Lair:2:   beast_lair_carwin_5
Lair:3:   nicolae_spider_entry_orb_guardian, beast_lair_carwin_8,
          serial_bayou_shore_a, grunt_megastairs_4, lemuel_fruit_fields,
          infiniplex_staircase_pool_2
Lair:4:   st_stairs_7, uniq_harold
Lair:5:   elwin_shoals_entry_rooms, zaba_anthell, infiniplex_staircase_pool,
          lemuel_fruit_tree, lemuel_fruit_fields
Lair:6:   dpeg_slime_entry_enclosed_altar, basic_altar, lemuel_fruit_fields
Lair:7:   lightli_volcano_entry_magma_tube, grunt_forest_stairs_clearing,
          grunt_megastairs_5
Lair:8:   wormcave, hangedman_lair_tendril_chambers, uniq_maud, uniq_snorg
Shoals:3: serial_shops, shop, uniq_ilsuiw, uniq_aizul
Shoals:4: shoals_end_hangedman, shoal_ilsuiw, ldierk_geyser
Spider:1: uniq_nikola
Spider:2: nicolae_spider_cling_ruins, uniq_kirke, uniq_arachne
Spider:4: grunt_spider_rune_parallel, special_room
Orc:2:    st_orc_town, basic_altar, lemuel_statue_altar
Vaults:1: vaults_room_hallway, ontoclasm_vaults_ring_square,
          hangedman_vaults_river_flow, vaults_standard_mumra_x,
          nicolae_vaults_yaktaur_gun_rack, v_alt_pattern_5,
          nicolae_vaults_little_squares_1, nicolae_vaults_puzzle_piece,
          v_pattern_1, vaults_room_large_hall, v_misc_22, st_smaller_cells,
          serial_shops, nicolae_shop_overgrown_old_shop, uniq_norris,
          uniq_asterion
Vaults:2: v_misc_9, v_misc_15, grunt_vaults_hallway_long,
          nicolae_vaults_shelves_hall, v_misc_3, vaults_dpeg_hooks, v_misc_2,
          vaults_dpeg_diagonal, ontoclasm_vaults_ring_square,
          grunt_vaults_focal, vaults_room_fancy_cross, v_misc_25, basic_altar,
          serial_shops, shop_fountains, uniq_margery, uniq_frederick,
          uniq_saint_roka, uniq_mennas
Vaults:3: minmay_crypt_entry_nasty_monster, nicolae_vaults_little_squares_5,
          vaults_room_guarded_vault, ontoclasm_vaults_spin, v_misc_16,
          uniq_jorgrun
Vaults:4: nicolae_vaults_twisting_passages, grunt_vaults_hallway_short,
          vaults_room_large_hall, vaults_room_octagon,
          nicolae_vaults_an_arrangement, v_misc_27, ontoclasm_vaults_tryst,
          vaults_mumra_hex, nicolae_vaults_ring_of_whatevers,
          hangedman_vaults_stagger, nicolae_vaults_what_the_h, vaults_room_fours
Abyss:1:  evilmike_abyss_exit_3, hangedman_abyss_or_decor_stagger
Lab:      labyrinth_hidden_loot, nicolae_lab_starburst,
          labyrinth_skeletal_remains, nicolae_lab_do_over, nicolae_lab_t_cross,
          nicolae_lab_blocks, lab_hedge
Volcano:  volcano_village

Action                   |  1- 3 |  4- 6 |  7- 9 | 10-12 | 13-15 | 16-18 | 19-21 | 22-24 || total
-------------------------+-------+-------+-------+-------+-------+-------+-------+-------++-------
Melee: Unarmed           |   117 |   107 |   262 |   682 |  2131 |  2246 |  1822 |   102 ||  7469
 Fire: Blowgun           |       |       |     3 |     6 |       |    49 |       |       ||    58
Throw: Javelin           |       |       |       |       |       |    27 |       |       ||    27
       Large rock        |       |       |       |       |       |       |    33 |     5 ||    38
 Cast: Repel Missiles    |       |       |       |       |       |     1 |     5 |     2 ||     8
Invok: Depart the Abyss  |     1 |       |       |       |       |       |       |       ||     1
       Banish            |       |       |     1 |     3 |    13 |     2 |       |       ||    19
       Bend Space        |       |       |       |     1 |       |     1 |     4 |     3 ||     9
       Corrupt           |       |       |       |       |       |     1 |     1 |       ||     2
       Enter the Abyss   |       |       |       |       |       |       |     1 |       ||     1
Evoke: Wand              |       |       |       |     6 |     2 |     8 |     7 |     7 ||    30
  Use: Scroll            |       |     4 |    16 |     9 |    12 |     6 |    11 |     4 ||    62
       Potion            |       |       |     1 |     4 |     4 |    16 |    15 |       ||    40
 Stab: Sleeping          |       |       |     2 |       |       |       |       |       ||     2
       Distracted        |       |       |       |       |     1 |       |       |       ||     1
  Eat: Chunk             |    19 |     9 |    50 |    51 |   121 |   130 |   115 |     2 ||   497
       Beef jerky        |       |       |       |       |       |     2 |     1 |       ||     3
       Royal jelly       |       |       |       |       |       |     1 |       |       ||     1
       Pizza             |       |       |       |       |       |     1 |       |       ||     1
